 Dungeon Crawl Stone Soup version 0.27-a0-1291-geefcff550b (webtiles) character file.

Game seed: 10286039435457488499

77 pokeman the Magician (level 4, -1/24 (25) HPs)
             Began as a Deep Elf Hedge Wizard on June 15, 2021.
             Slain by a wight (11 damage)
             ... on level 2 of the Dungeon.
             The game lasted 00:04:53 (2962 turns).

pokeman the Magician (Deep Elf Hedge Wizard)        Turns: 2962, Time: 00:04:54

HP:   -1/24 (25)    AC:  3    Str:  7    XL:     4   Next: 14%
MP:   0/13          EV: 12    Int: 20    God:
Gold: 91            SH:  0    Dex: 14    Spells: 3/14 levels left

rFire    . . .     SeeInvis .   i - +2 hand axe (elec)
rCold    . . .     Faith    .   (no shield)
rNeg     . . .     Spirit   .   l - +0 leather armour
rPois    .         Reflect  .   c - +0 hat
rElec    .         Harm     .   (no cloak)
rCorr    .         Rampage  .   (no gloves)
Will     .....                  (no boots)
Stlth    ++........             (no amulet)
HPRegen  0.08/turn              (no ring)
MPRegen  0.13/turn              (no ring)

@: lightly drained
A: no striking features
a: no special abilities


You were on level 2 of the Dungeon.
You visited 1 branch of the dungeon, and saw 3 of its levels.

You collected 91 gold pieces.

Inventory:

Hand Weapons
 i - a +2 hand axe of electrocution (weapon)
Armour
 c - a +0 hat (worn)
 l - a +0 leather armour (worn)
Scrolls
 f - 2 scrolls of identify {unknown}
 g - a scroll of teleportation {unknown}
 h - a scroll of amnesia {unknown}
 k - a scroll of brand weapon {unknown}
Potions
 a - a potion of invisibility {unknown}
 d - a potion of flight {unknown}
 e - a potion of heal wounds {unknown}
 j - a potion of attraction {unknown}


   Skills:
 - Level 1.1 Fighting
 - Level 1.0 Armour
 + Level 2.6 Dodging
 - Level 2.4 Stealth
 * Level 5.5 Spellcasting
 + Level 2.1 Conjurations
 - Level 1.1 Summonings
 - Level 1.1 Translocations
 + Level 0.0 Fire Magic


You had 3 spell levels left.
You knew the following spells:

 Your Spells              Type           Power      Damage    Failure   Level
a - Magic Dart            Conj           56%        1d5       7%          1
b - Mephitic Cloud        Conj/Pois/Air  8%         N/A       34%         3
c - Call Imp              Summ           9%         N/A       16%         2
d - Blink                 Tloc           N/A        N/A       16%         2
e - Conjure Flame         Conj/Fire      9%         6-21      30%         3

Your spell library contained the following spells:

 Spells                   Type           Power      Damage    Failure   Level
 Slow                     Hex            5%         N/A       24%         2


Dungeon Overview and Level Annotations

Branches:
Dungeon (3/15)

Altars:

Shops:
D:1 =


Message History

The wight hits your crimson imp with a +0 war axe.
Your crimson imp hits the wight but does no damage.
The wight barely misses your crimson imp.
Your crimson imp hits the wight but does no damage.
The wight misses your crimson imp.
Your crimson imp blinks!
What are your orders? t - Shout!
Orders for allies: a - Attack new target. p - Attack previous target. r - Retreat! s - Stop attacking. g - Guard the area. f - Follow me.
Anything else - Cancel.
Gang up on whom?
Press: ? - help, Dir - move target, f/p - wight
Aim: a wight, wielding a +0 war axe and wearing a +0 robe (severely damaged, ally target) Attack!
Your crimson imp hits the wight.
The wight misses your crimson imp.
Your crimson imp hits the wight but does no damage.
The wight hits your crimson imp with a +0 war axe!
Your crimson imp closely misses the wight.
The wight barely misses your crimson imp.
Your crimson imp closely misses the wight.
Your crimson imp disappears in a puff of smoke!
Casting: Magic Dart (safe; 7% risk of failure)
Confirm with . or Enter, or press ? or * to list all spells.
Aiming: Magic Dart (safe; 7% risk of failure)
Press: ? - help, Shift-Dir - straight line, f/p - wight
Aim: a wight, wielding a +0 war axe and wearing a +0 robe (purple smoke, almost destroyed, 100% to hit)
The magic dart hits the wight but does no damage.
The wight is almost destroyed.
Casting: Magic Dart (safe; 7% risk of failure)
Confirm with . or Enter, or press ? or * to list all spells.
Aiming: Magic Dart (safe; 7% risk of failure)
Press: ? - help, Shift-Dir - straight line, f/p - wight
Aim: a wight, wielding a +0 war axe and wearing a +0 robe (severely damaged, 100% to hit)
The magic dart hits the wight.
The wight is almost destroyed.
The wight hits you with a +0 war axe!
You die...

####.....).#...###
#####..........#......
####.....................
#.....♣♣♣...>............
##.#.♣# #♣..........⌠....
#5#.♣ ♣...............
#.#.♣# #♣.............#.
#.#..♣♣♣............###.
#....§z@............###.
######'##.............#.
#.................#.
#.................#.
#........#........#.
###....#............
#....#............
#....#............
#....+........###.


You could see a wight.

Vanquished Creatures
  A wight (D:2)
  A dart slug (D:1)
  3 orcs (D:2)
  3 bats
  10 endoplasms
  2 giant cockroaches (D:1)
  3 goblins (D:2)
  2 hobgoblins
  2 jackals (D:3)
  2 quokkas (D:1)
  A ball python (D:1)
  2 frilled lizards
  2 kobolds (D:1)
  2 rats
36 creatures vanquished.

Vanquished Creatures (collateral kills)
  A jackal (D:2)
  A kobold (D:2)
2 creatures vanquished.

Grand Total: 38 creatures vanquished

Notes
Turn   | Place    | Note
-------+----------+-------------------------------------------
     0 | D:1      | pokeman the Deep Elf Hedge Wizard began the quest for the
                  | Orb.
     0 | D:1      | Reached XP level 1. HP: 10/10 MP: 7/7
   512 | D:1      | Reached XP level 2. HP: 16/16 MP: 4/9
   565 | D:1      | Found Sekhof's Jewellery Emporium.
  1331 | D:1      | Reached skill level 5 in Spellcasting
  1596 | D:2      | Found Lecec's Book Emporium.
  1614 | D:2      | Reached XP level 3. HP: 20/20 MP: 3/11
  1618 | D:2      | Learned a level 3 spell: Mephitic Cloud
  1621 | D:2      | Learned a level 2 spell: Call Imp
  1624 | D:2      | Learned a level 2 spell: Blink
  1628 | D:2      | Learned a level 3 spell: Conjure Flame
  2118 | D:2      | Reached skill level 1 in Armour
  2318 | D:2      | Found a faded altar of an unknown god.
  2623 | D:2      | Reached skill level 1 in Fighting
  2623 | D:2      | Reached XP level 4. HP: 8/25 MP: 5/13
  2962 | D:2      | Slain by a wight

Illustrated notes

Levels and vault maps discovered:
D:1:      lightli_arrival_flooded_house, layout_loops_corners, serial_shops,
          shop
D:2:      layout_basic, serial_shops, shop,
          shapermc_ecumenical_altar_totnotflames, solitary_fountain,
          minmay_stone_trees_small
D:3:      layout_rooms, serial_aquarium, aquarium_bridge_long_joined
          [aquarium_subvault_balcony, aquarium_subvault_wall,
          aquarium_subvault_balcony, aquarium_subvault_wall,
          aquarium_subvault_bridge, aquarium_subvault_bridge],
          aquarium_window_2, aquarium_window_corridor_2, aquarium_view_2b

Skill      XL: |  1  2  3 |
---------------+----------+-----
Spellcasting   | 5 |  5.5
Armour         | 1 |  1.0
Fighting       | 1 |  1.1
Conjurations   | 2 |  2.1
Dodging        | |  2.6
Stealth        | |  2.4
Summonings     | |  1.1
Translocations | |  1.1

Action                   |  1- 3 |  4- 6 || total
-------------------------+-------+-------++-------
Melee: Dagger            |     4 |       ||     4
       Hand axe          |     5 |     2 ||     7
 Cast: Magic Dart        |    96 |    13 ||   109
       Call Imp          |     2 |     2 ||     4
       Blink             |     1 |     2 ||     3
       Conjure Flame     |       |     1 ||     1
Armor: Robe              |     2 |       ||     2
       Leather armour    |     4 |       ||     4
Dodge: Dodged            |    24 |     3 ||    27

Table legend: (Time is in decaauts)
 A = Elapsed time spent in this place.
 B = Non-inter-level travel time spent in this place.
 C = Inter-level travel time spent in this place.
 D = Time resting spent in this place.
 E = Time spent auto-exploring this place.
 F = Levels seen in this place.
 G = Mean time per level.
                   A        B        C        D        E       F      G
               +--------+--------+--------+--------+--------+-----+--------+
         Total |   2965 |   2897 |     68 |      0 |   2551 |   3 |  988.3 |
       Dungeon |   2965 |   2897 |     68 |      0 |   2551 |   3 |  988.3 |
               +--------+--------+--------+--------+--------+-----+--------+

Top non-repeatable levels by time:
     D:1: 1596 daAuts
     D:2: 1346 daAuts
     D:3: 22 daAuts
